| TOP OF THE 1ST |
|
Milwaukee (NYP) Brewers batting - Pitching for Salem-Keizer Volcanoes : RHP Antonio Torres
|
|
Pitching: RHP Antonio Torres
|
|
|
Batting: SHB Sam Bingham
|
0-0: Ball 1-0: Ball 2-0: Ball 3-0: Called Strike 3-1: Base on Balls
|
|
Batting: LHB Mark Backstrom
|
0-0: Called Strike 0-1: Ball Sam Bingham steals 2nd, throwing error, E2 Sam Bingham to third 1-1: Ball 2-1: Called Strike 2-2: Foul Ball, location: 2F 2-2: Ball 3-2: Base on Balls
|
|
Batting: RHB Ryan Miller
|
0-0: Ball 1-0: 3-RUN HOME RUN (Flyball, 9D, EV 93.8 MPH), Distance : 373 ft
|
|
Batting: RHB Alfredo Sena
|
0-0: Ball 1-0: Foul Ball, location: 2F 1-1: Called Strike 1-2: Ball 2-2: Single, Error in OF, E7, batter to second base (Groundball, 6D, EV 106.9 MPH)
|
|
Pitching: LHP Justin Tidwell
|
|
|
Batting: SHB C.J. Olivares
|
0-0: Ball 1-0: Ball 2-0: Called Strike 2-1: SINGLE (Line Drive, 9S, EV 106.2 MPH) Alfredo Sena to third
|
|
Batting: LHB Paul Collins
|
0-0: Called Strike 0-1: Foul Ball, location: 2F 0-2: Ball 1-2: Foul Ball, location: 2F 1-2: Foul Ball, location: 2F 1-2: Ball 2-2: Ball 3-2: Fly out, F7 (Line Drive, 7S, EV 86.9 MPH)
|
|
Batting: RHB Dan Allred
|
0-0: Ball 1-0: Ball 2-0: 3-RUN HOME RUN (Flyball, 89XD, EV 110.0 MPH), Distance : 411 ft
|
|
Batting: RHB Juan Villanueva
|
0-0: Ball 1-0: Foul Ball, location: 2F 1-1: Foul Ball, location: 2F 1-2: Ball 2-2: Ball 3-2: Strikes out swinging
|
|
Pitching: RHP Kip Connolly
|
|
|
Batting: RHB Chris Riddel
|
0-0: Called Strike 0-1: Ball 1-1: Ground out 6-3 (Groundball, 6S, EV 88.8 MPH)
|
| Top of the 1st over - 6 runs, 4 hits, 2 errors, 0 left on base; Milwaukee (NYP) 6 - Salem-Keizer 0 |
| BOTTOM OF THE 1ST |
|
Salem-Keizer Volcanoes batting - Pitching for Milwaukee (NYP) Brewers : RHP Jesus Cumba
|
|
Pitching: RHP Jesus Cumba
|
|
|
Batting: RHB Noe Oliva
|
0-0: Ball 1-0: Called Strike 1-1: Ball 2-1: Called Strike 2-2: Strikes out swinging
|
|
Batting: LHB Dennis Jones
|
0-0: Ball 1-0: Foul Ball, location: 2F 1-1: Ground out 1-3 (Groundball, 13S, EV 72.5 MPH)
|
|
Batting: LHB Matt DeGrado
|
0-0: Called Strike 0-1: Ball 1-1: Foul Ball, location: 2F 1-2: Strikes out looking
|
| Bottom of the 1st over - 0 runs, 0 hits, 0 errors, 0 left on base; Milwaukee (NYP) 6 - Salem-Keizer 0 |
| TOP OF THE 2ND |
|
Milwaukee (NYP) Brewers batting - Pitching for Salem-Keizer Volcanoes : RHP Kip Connolly
|
|
Batting: SHB Sam Bingham
|
0-0: Ball 1-0: Ball 2-0: Foul Ball, location: 2F 2-1: Ball 3-1: Base on Balls
|
|
Batting: LHB Mark Backstrom
|
0-0: Ball 1-0: Foul Ball, location: 2F 1-1: Ball Sam Bingham steals 2nd, throwing error, E2 Sam Bingham to third 2-1: Foul Ball, location: 2F 2-2: Fly out, F7 (Flyball, 7LM, EV 106.2 MPH) Runner from 3rd tags up, SCORES, no throw by LF
|
|
Batting: RHB Ryan Miller
|
0-0: SINGLE (Line Drive, 6MD, EV 95.6 MPH)
|
|
Batting: RHB Alfredo Sena
|
0-0: Ball 1-0: Ball Ryan Miller steals 2nd base 2-0: Called Strike 2-1: Fly out, F7 (Flyball, 7S, EV 90.0 MPH)
|
|
Batting: SHB C.J. Olivares
|
0-0: DOUBLE (Line Drive, 8LD, EV 105.6 MPH) Ryan Miller scores
|
|
Batting: LHB Paul Collins
|
0-0: Ball 1-0: Ball 2-0: Foul Ball, location: 2F 2-1: Foul Ball, location: 2F 2-2: 2-RUN HOME RUN (Line Drive, 89XD, EV 108.1 MPH), Distance : 433 ft
|
|
Batting: RHB Dan Allred
|
0-0: Ball 1-0: SINGLE (Flyball, 78S, EV 87.5 MPH)
|
|
Batting: RHB Juan Villanueva
|
0-0: Ball 1-0: Ball 2-0: Ball 3-0: Base on Balls Dan Allred to second
|
|
Batting: RHB Chris Riddel
|
0-0: Ball 1-0: Ball 2-0: Foul Ball, location: 2F 2-1: Ball 3-1: Base on Balls Dan Allred to third Juan Villanueva to second
|
|
Batting: SHB Sam Bingham
|
0-0: Ball 1-0: Ball 2-0: SINGLE (Flyball, 3D, EV 87.5 MPH) Dan Allred scores Juan Villanueva to third Chris Riddel to second Runner from 3rd tries for Home, SAFE, throw by RF to home
|
|
Batting: LHB Mark Backstrom
|
0-0: Ball 1-0: Ball 2-0: Foul Ball, location: 2F 2-1: Ball 3-1: Base on Balls Chris Riddel to third Sam Bingham to second
|
|
Batting: RHB Ryan Miller
|
0-0: SINGLE (Line Drive, 9S, EV 111.9 MPH) Chris Riddel scores Sam Bingham to third Mark Backstrom to second Runner from 3rd tries for Home, SAFE, throw by RF to home
|
|
Batting: RHB Alfredo Sena
|
0-0: Ball 1-0: Ground out 4-3 (Groundball, 4, EV 76.2 MPH)
|
| Top of the 2nd over - 8 runs, 6 hits, 1 error, 2 left on base; Milwaukee (NYP) 14 - Salem-Keizer 0 |
| BOTTOM OF THE 2ND |
|
Salem-Keizer Volcanoes batting - Pitching for Milwaukee (NYP) Brewers : RHP Jesus Cumba
|
|
Batting: RHB Matt Wallace
|
0-0: Ball 1-0: Swinging Strike 1-1: Foul Ball, location: 2F 1-2: Ground out 5-3 (Groundball, 56, EV 94.4 MPH)
|
|
Batting: RHB Azeem bin Zuhair
|
0-0: Ball 1-0: Swinging Strike 1-1: Ball 2-1: Ball 3-1: Called Strike 3-2: Strikes out swinging passed ball, reaches first!
|
|
Batting: RHB Tony Nateras
|
0-0: Ball 1-0: Called Strike Azeem bin Zuhair steals 2nd base 1-1: Ball 2-1: Foul Ball, location: 2F 2-2: Strikes out swinging
|
|
Batting: RHB Carlos Solis
|
0-0: Called Strike 0-1: Ball 1-1: Ball 2-1: Called Strike 2-2: Foul Ball, location: 2F Balk! Azeem bin Zuhair to third 2-2: Strikes out swinging
|
| Bottom of the 2nd over - 0 runs, 0 hits, 0 errors, 1 left on base; Milwaukee (NYP) 14 - Salem-Keizer 0 |
| TOP OF THE 3RD |
|
Milwaukee (NYP) Brewers batting - Pitching for Salem-Keizer Volcanoes : RHP Kip Connolly
|
|
Batting: SHB C.J. Olivares
|
0-0: DOUBLE (Line Drive, 7LS, EV 105.0 MPH)
|
|
Batting: LHB Paul Collins
|
0-0: Ball 1-0: Ball 2-0: Ground out 4-3 (Groundball, 4, EV 105.0 MPH) C.J. Olivares to third
|
|
Batting: RHB Dan Allred
|
0-0: Ball 1-0: Ball 2-0: Foul Ball, location: 2F 2-1: Ball 3-1: Base on Balls
|
|
Batting: RHB Juan Villanueva
|
0-0: Ball 1-0: Ball 2-0: SINGLE (Groundball, 6MD, EV 98.1 MPH) C.J. Olivares scores Dan Allred to second Runner from 2nd tries for 3rd, SAFE, throw by CF made to third
|
|
Batting: RHB Chris Riddel
|
0-0: Fielders Choice at 2nd, 3-6 (Groundball, 34S, EV 91.2 MPH) Dan Allred scores
|
|
Batting: SHB Sam Bingham
|
0-0: Called Strike 0-1: Called Strike 0-2: SINGLE (Groundball, 4MD, EV 107.5 MPH) Chris Riddel to second
|
|
Batting: LHB Mark Backstrom
|
0-0: SINGLE (Groundball, 34S, EV 70.0 MPH) (infield hit) Chris Riddel to third Sam Bingham to second
|
|
Batting: RHB Ryan Miller
|
0-0: Ground out 4-3 (Groundball, 34, EV 103.1 MPH)
|
| Top of the 3rd over - 2 runs, 4 hits, 0 errors, 3 left on base; Milwaukee (NYP) 16 - Salem-Keizer 0 |
| BOTTOM OF THE 3RD |
|
Salem-Keizer Volcanoes batting - Pitching for Milwaukee (NYP) Brewers : RHP Jesus Cumba
|
|
Batting: LHB Diego Tellez
|
0-0: Swinging Strike 0-1: Foul Ball, location: 2F 0-2: Ball 1-2: Foul Ball, location: 2F 1-2: Strikes out looking
|
|
Batting: RHB Pablo Mejia
|
0-0: Called Strike 0-1: Foul Ball, location: 2F 0-2: Foul Ball, location: 2F 0-2: Foul Ball, location: 2F 0-2: Ball 1-2: Strikes out swinging passed ball, reaches first!
|
|
Batting: RHB Noe Oliva
|
0-0: Fielders Choice at 2nd, 5-4 (Groundball, 56S, EV 85.6 MPH)
|
|
Batting: LHB Dennis Jones
|
0-0: Ball 1-0: Ball Noe Oliva steals 2nd base 2-0: Ground out 1-3 (Groundball, 15S, EV 67.5 MPH)
|
| Bottom of the 3rd over - 0 runs, 0 hits, 0 errors, 1 left on base; Milwaukee (NYP) 16 - Salem-Keizer 0 |
| TOP OF THE 4TH |
|
Milwaukee (NYP) Brewers batting - Pitching for Salem-Keizer Volcanoes : RHP Kip Connolly
|
|
Batting: RHB Alfredo Sena
|
0-0: Fly out, F9 (Line Drive, 9D, EV 101.2 MPH)
|
|
Batting: SHB C.J. Olivares
|
0-0: DOUBLE (Line Drive, 78M, EV 93.8 MPH)
|
|
Batting: LHB Paul Collins
|
0-0: 2-RUN HOME RUN (Line Drive, 89XD, EV 115.0 MPH), Distance : 428 ft
|
|
Batting: RHB Dan Allred
|
0-0: DOUBLE (Line Drive, 9LS, EV 101.2 MPH)
|
|
Batting: RHB Juan Villanueva
|
0-0: 2-RUN HOME RUN (Flyball, 7D, EV 109.4 MPH), Distance : 397 ft
|
|
Batting: RHB Chris Riddel
|
0-0: Fly out, F4 (Popup, 4, EV 69.4 MPH)
|
|
Batting: SHB Sam Bingham
|
0-0: SINGLE (Line Drive, 9LS, EV 91.2 MPH)
|
|
Batting: LHB Mark Backstrom
|
0-0: Ball Balk! Sam Bingham to second 1-0: Foul Ball, location: 2F 1-1: 2-RUN HOME RUN (Flyball, 7D, EV 101.9 MPH), Distance : 393 ft
|
|
Batting: RHB Ryan Miller
|
0-0: Foul Ball, location: 2F 0-1: Ball 1-1: Ball 2-1: Ball 3-1: Base on Balls
|
|
Batting: RHB Alfredo Sena
|
0-0: Reached on error, E3 (Groundball, 3L, EV 93.1 MPH) Ryan Miller to second
|
|
Batting: SHB C.J. Olivares
|
0-0: Ball 1-0: Called Strike 1-1: Ball 2-1: Ball 3-1: Called Strike 3-2: Foul Ball, location: 2F 3-2: Base on Balls Ryan Miller to third Alfredo Sena to second
|
|
Batting: LHB Paul Collins
|
0-0: Ball 1-0: Ball 2-0: Ball 3-0: Called Strike 3-1: Base on Balls Ryan Miller scores Alfredo Sena to third C.J. Olivares to second
|
|
Batting: RHB Dan Allred
|
0-0: Fielders Choice at 2nd, 5-4 (Groundball, 56, EV 86.9 MPH)
|
| Top of the 4th over - 7 runs, 6 hits, 1 error, 3 left on base; Milwaukee (NYP) 23 - Salem-Keizer 0 |
| BOTTOM OF THE 4TH |
|
Salem-Keizer Volcanoes batting - Pitching for Milwaukee (NYP) Brewers : RHP Jesus Cumba
|
|
Batting: LHB Matt DeGrado
|
0-0: Fly out, F7 (Line Drive, 7S, EV 92.5 MPH)
|
|
Batting: RHB Matt Wallace
|
0-0: Swinging Strike 0-1: Ball 1-1: Called Strike 1-2: Foul Ball, location: 2F 1-2: Foul Ball, location: 2F 1-2: Ball 2-2: Foul Ball, location: 2F 2-2: Foul Ball, location: 2F 2-2: Strikes out swinging
|
|
Batting: RHB Azeem bin Zuhair
|
0-0: Called Strike 0-1: Ball 1-1: Foul Ball, location: 2F 1-2: Fly out, F7 (Line Drive, 7S, EV 106.2 MPH)
|
| Bottom of the 4th over - 0 runs, 0 hits, 0 errors, 0 left on base; Milwaukee (NYP) 23 - Salem-Keizer 0 |
| TOP OF THE 5TH |
|
Milwaukee (NYP) Brewers batting - Pitching for Salem-Keizer Volcanoes : RHP Kip Connolly
|
|
Batting: RHB Juan Villanueva
|
0-0: SINGLE (Groundball, 4MD, EV 101.2 MPH)
|
|
Batting: RHB Chris Riddel
|
0-0: Swinging Strike 0-1: DOUBLE (Line Drive, 7LS, EV 108.1 MPH) Juan Villanueva to third
|
|
Batting: SHB Sam Bingham
|
0-0: Called Strike 0-1: Ball 1-1: Ball 2-1: Foul Ball, location: 2F 2-2: Ball Wild Pitch! Juan Villanueva scores Chris Riddel to third 3-2: Strikes out swinging
|
|
Batting: LHB Mark Backstrom
|
0-0: Called Strike 0-1: Fly out, F7 (Flyball, 7LSF, EV 98.1 MPH)
|
|
Batting: RHB Ryan Miller
|
0-0: Ball 1-0: Ball 2-0: Ball 3-0: Base on Balls
|
|
Batting: RHB Alfredo Sena
|
0-0: Hit by Pitch Ryan Miller to second
|
|
Batting: SHB C.J. Olivares
|
0-0: Ball 1-0: Ball 2-0: Swinging Strike 2-1: Called Strike 2-2: Ball 3-2: Base on Balls Chris Riddel scores Ryan Miller to third Alfredo Sena to second
|
|
Batting: LHB Paul Collins
|
0-0: Foul Ball, location: 2F 0-1: Foul Ball, location: 2F 0-2: Ground out 4-3 (Groundball, 4, EV 103.1 MPH)
|
| Top of the 5th over - 2 runs, 2 hits, 0 errors, 3 left on base; Milwaukee (NYP) 25 - Salem-Keizer 0 |
| BOTTOM OF THE 5TH |
|
Salem-Keizer Volcanoes batting - Pitching for Milwaukee (NYP) Brewers : RHP Jesus Cumba
|
|
Batting: RHB Tony Nateras
|
0-0: Called Strike 0-1: Ball 1-1: Ball 2-1: Fly out, F8 (Flyball, 89M, EV 76.9 MPH)
|
|
Batting: RHB Carlos Solis
|
0-0: Fly out, F4 (Line Drive, 4, EV 63.1 MPH)
|
|
Batting: LHB Diego Tellez
|
0-0: Ball 1-0: SINGLE (Groundball, 6D, EV 98.1 MPH)
|
|
Batting: RHB Pablo Mejia
|
0-0: Ball 1-0: Foul Ball, location: 2F 1-1: Foul Ball, location: 2F 1-2: Foul Ball, location: 2F 1-2: Foul Ball, location: 2F 1-2: Ball 2-2: Strikes out swinging
|
| Bottom of the 5th over - 0 runs, 1 hit, 0 errors, 1 left on base; Milwaukee (NYP) 25 - Salem-Keizer 0 |
| TOP OF THE 6TH |
|
Milwaukee (NYP) Brewers batting - Pitching for Salem-Keizer Volcanoes : RHP Kip Connolly
|
|
Batting: RHB Dan Allred
|
0-0: SINGLE (Groundball, 6MD, EV 103.8 MPH)
|
|
Batting: RHB Juan Villanueva
|
0-0: DOUBLE (Line Drive, 89M, EV 98.8 MPH) Dan Allred to third
|
|
Batting: RHB Chris Riddel
|
0-0: SINGLE (Groundball, 6D, EV 110.6 MPH) Dan Allred scores Juan Villanueva to third
|
|
Batting: SHB Sam Bingham
|
0-0: Ball 1-0: Ball 2-0: Ball 3-0: Base on Balls Chris Riddel to second
|
|
Batting: LHB Mark Backstrom
|
0-0: Ball 1-0: Ball 2-0: Swinging Strike 2-1: Foul Ball, location: 2F 2-2: Ball 3-2: Foul Ball, location: 2F 3-2: Base on Balls Juan Villanueva scores Chris Riddel to third Sam Bingham to second
|
|
Batting: RHB Ryan Miller
|
0-0: Ball 1-0: Ball 2-0: Fielders Choice at 2nd, 6-4 (Groundball, 6M, EV 98.8 MPH) Chris Riddel scores Sam Bingham to third
|
|
Batting: RHB Alfredo Sena
|
0-0: Ball 1-0: Grounds into double play, 6-4-3 (Groundball, 6S, EV 86.2 MPH)
|
| Top of the 6th over - 3 runs, 3 hits, 0 errors, 1 left on base; Milwaukee (NYP) 28 - Salem-Keizer 0 |
| BOTTOM OF THE 6TH |
|
Salem-Keizer Volcanoes batting - Pitching for Milwaukee (NYP) Brewers : RHP Jesus Cumba
|
|
Batting: RHB Noe Oliva
|
0-0: Ball 1-0: Swinging Strike 1-1: Swinging Strike 1-2: Strikes out looking
|
|
Batting: LHB Dennis Jones
|
0-0: Swinging Strike 0-1: Foul Ball, location: 2F 0-2: Strikes out swinging
|
|
Batting: LHB Matt DeGrado
|
0-0: Foul Ball, location: 2F 0-1: Ball 1-1: Foul Ball, location: 2F 1-2: Foul Ball, location: 2F 1-2: Strikes out swinging
|
| Bottom of the 6th over - 0 runs, 0 hits, 0 errors, 0 left on base; Milwaukee (NYP) 28 - Salem-Keizer 0 |
| TOP OF THE 7TH |
|
Milwaukee (NYP) Brewers batting - Pitching for Salem-Keizer Volcanoes : RHP Kip Connolly
|
|
Batting: SHB C.J. Olivares
|
0-0: Called Strike 0-1: Called Strike 0-2: Ball 1-2: Ball 2-2: Foul Ball, location: 2F 2-2: Foul Ball, location: 2F 2-2: Foul Ball, location: 2F 2-2: Foul Ball, location: 2F 2-2: Ball 3-2: Base on Balls
|
|
Batting: LHB Paul Collins
|
0-0: Fly out, F8 (Flyball, 8LM, EV 87.5 MPH)
|
|
Pinch Hitting: LHB Sal Burgos
|
0-0: Fly out, F9 (Flyball, 9, EV 82.5 MPH)
|
|
Batting: RHB Juan Villanueva
|
0-0: Ball 1-0: SINGLE (Line Drive, 3, EV 95.0 MPH) C.J. Olivares to second Runner from 2nd tries for 3rd, OUT! 9-5
|
| Top of the 7th over - 0 runs, 1 hit, 0 errors, 1 left on base; Milwaukee (NYP) 28 - Salem-Keizer 0 |
| BOTTOM OF THE 7TH |
|
Salem-Keizer Volcanoes batting - Pitching for Milwaukee (NYP) Brewers : RHP Jesus Cumba
|
|
Pitching: LHP Richie van Wijngaarden
|
|
|
Now at 1B: Sal Burgos
|
|
|
Now at 3B: Ryan Miller
|
|
|
Batting: RHB Matt Wallace
|
0-0: Ball 1-0: Foul Ball, location: 2F 1-1: Swinging Strike 1-2: Ball 2-2: Strikes out swinging
|
|
Batting: RHB Azeem bin Zuhair
|
0-0: Swinging Strike 0-1: Called Strike 0-2: Foul Ball, location: 2F 0-2: Ball 1-2: Ball 2-2: Strikes out swinging
|
|
Batting: RHB Tony Nateras
|
0-0: Called Strike 0-1: Called Strike 0-2: Ball 1-2: Ball 2-2: Strikes out swinging
|
| Bottom of the 7th over - 0 runs, 0 hits, 0 errors, 0 left on base; Milwaukee (NYP) 28 - Salem-Keizer 0 |
| TOP OF THE 8TH |
|
Milwaukee (NYP) Brewers batting - Pitching for Salem-Keizer Volcanoes : RHP Kip Connolly
|
|
Batting: RHB Chris Riddel
|
0-0: Swinging Strike 0-1: Ground out 6-3 (Groundball, 6, EV 81.9 MPH)
|
|
Batting: SHB Sam Bingham
|
0-0: Called Strike 0-1: Ball 1-1: Foul Ball, location: 2F 1-2: Ball 2-2: Foul Ball, location: 2F 2-2: Foul Ball, location: 2F 2-2: Strikes out swinging
|
|
Batting: LHB Mark Backstrom
|
0-0: Called Strike 0-1: Ball 1-1: Ground out 4-3 (Groundball, 4, EV 86.9 MPH)
|
| Top of the 8th over - 0 runs, 0 hits, 0 errors, 0 left on base; Milwaukee (NYP) 28 - Salem-Keizer 0 |
| BOTTOM OF THE 8TH |
|
Salem-Keizer Volcanoes batting - Pitching for Milwaukee (NYP) Brewers : LHP Richie van Wijngaarden
|
|
Batting: RHB Carlos Solis
|
0-0: Swinging Strike 0-1: Foul Ball, location: 2F 0-2: Ball 1-2: Strikes out swinging
|
|
Batting: LHB Diego Tellez
|
0-0: Ground out 3-1 (Groundball, 34, EV 88.8 MPH)
|
|
Batting: RHB Pablo Mejia
|
0-0: Called Strike 0-1: SINGLE (Groundball, 56D, EV 106.2 MPH)
|
|
Batting: RHB Noe Oliva
|
0-0: Swinging Strike 0-1: Foul Ball, location: 2F 0-2: Strikes out swinging
|
| Bottom of the 8th over - 0 runs, 1 hit, 0 errors, 1 left on base; Milwaukee (NYP) 28 - Salem-Keizer 0 |
| TOP OF THE 9TH |
|
Milwaukee (NYP) Brewers batting - Pitching for Salem-Keizer Volcanoes : RHP Kip Connolly
|
|
Batting: RHB Ryan Miller
|
0-0: Ground out 4-3 (Groundball, 4, EV 103.8 MPH)
|
|
Batting: RHB Alfredo Sena
|
0-0: Swinging Strike 0-1: Ground out 6-3 (Groundball, 6, EV 80.6 MPH)
|
|
Batting: SHB C.J. Olivares
|
0-0: Fly out, F6 (Line Drive, 6, EV 65.0 MPH)
|
| Top of the 9th over - 0 runs, 0 hits, 0 errors, 0 left on base; Milwaukee (NYP) 28 - Salem-Keizer 0 |
| BOTTOM OF THE 9TH |
|
Salem-Keizer Volcanoes batting - Pitching for Milwaukee (NYP) Brewers : LHP Richie van Wijngaarden
|
|
Batting: LHB Dennis Jones
|
0-0: Ground out 6-3 (Groundball, 6, EV 81.9 MPH)
|
|
Batting: LHB Matt DeGrado
|
0-0: Ball 1-0: Foul Ball, location: 2F 1-1: Swinging Strike 1-2: Ball 2-2: Strikes out swinging
|
|
Batting: RHB Matt Wallace
|
0-0: Ball 1-0: Ground out 6-3 (Groundball, 6, EV 81.9 MPH)
|
| Bottom of the 9th over - 0 runs, 0 hits, 0 errors, 0 left on base; Milwaukee (NYP) 28 - Salem-Keizer 0 |
|